 Dungeon Crawl Stone Soup version 0.18.1-5-g4a78601 (webtiles) character file.

39 Mefis the Magician (level 3, -1/19 HPs)
             Began as a Deep Elf Wizard on May 11, 2016.
             Slain by an adder (5 damage)
             ... on level 2 of the Dungeon.
             The game lasted 00:03:07 (1519 turns).

Mefis the Magician (Deep Elf Wizard)                Turns: 1519, Time: 00:03:07

Health: -1/19      AC:  2    Str:  4    XL:     3   Next: 28%
Magic:  1/11       EV: 13    Int: 23    God:
Gold:   45         SH:  0    Dex: 13    Spells: 5 memorised, 2 levels left

rFire  . . .     SeeInvis .     o - +0 dagger (curse)
rCold  . . .     Gourm    .     a - +0 robe
rNeg   . . .     Faith    .     (no shield)
rPois  .         Spirit   .     b - +0 hat
rElec  .         Dismiss  .     (no cloak)
rCorr  .         Reflect  .     (no gloves)
SustAt .         Harm     .     (no boots)
MR     .....                    (no amulet)
Stlth  ++........               (no ring)
                                (no ring)

@: very slightly contaminated, repel missiles, not resistant to hostile
enchantments, unstealthy
A: no striking features
a: no special abilities


You were on level 2 of the Dungeon.
You were hungry.

You visited 1 branch of the dungeon, and saw 2 of its levels.

You collected 45 gold pieces.

Inventory:

Hand Weapons
 j - a +0 dagger
 o - a cursed +0 dagger (weapon)
Missiles
 f - 12 sling bullets
 g - 6 tomahawks (quivered)
Armour
 a - a +0 robe (worn)
 b - a +0 hat (worn)
Scrolls
 h - a scroll of teleportation {unknown}
 l - a scroll of identify {unknown}
 n - a scroll of fear {unknown}
 r - a scroll of noise {unknown}
Potions
 e - 2 potions of curing {unknown}
 i - 3 potions of berserk rage {unknown}
 m - a potion of flight {unknown}
 q - a potion of magic {unknown}
Books
 c - a book of Minor Magic

   Spells                             Type                      Level
   a - Magic Dart                     Conjuration                  1
   b - Blink                          Translocation                2
   c - Call Imp                       Summoning                    2
   d - Repel Missiles                 Charms/Air                   2
   e - Slow                           Hexes                        2
   f - Conjure Flame                  Conjuration/Fire             3
   g - Mephitic Cloud                 Conjuration/Poison/Air       3
Comestibles
 d - 2 bread rations
 k - a beef jerky


   Skills:
 + Level 2.8 Dodging
 + Level 2.9 Stealth
 + Level 5.0 Spellcasting
 * Level 1.9 Conjurations
 + Level 1.4 Summonings
 - Level 1.1 Translocations
 + Level 0.0 Poison Magic


You had 2 spell levels left.
You knew the following spells:

 Your Spells              Type           Power        Failure   Level  Hunger
a - Magic Dart            Conj           ##..         4%          1    None
b - Call Imp              Summ           ##......     10%         2    None
c - Blink                 Tloc           N/A          12%         2    None
d - Repel Missiles        Chrm/Air       #.....       17%         2    None
e - Mephitic Cloud        Conj/Pois/Air  #.......     24%         3    ##.....


Dungeon Overview and Level Annotations

Branches:
Dungeon (2/15)

Altars:
Cheibriados


Message History

The adder closely misses you.
Casting: Call Imp
Confirm with . or Enter, or press ? or * to list all spells.
A beastly little devil appears in a puff of frigid air.
The adder bites you.
You barely miss the adder.
The adder is severely wounded.
The adder bites you.
The gnoll closely misses your white imp.
The adder bites you.
* * * LOW HITPOINT WARNING * * *
Your white imp closely misses the adder.
You hit the adder.
The adder is almost dead.
The gnoll barely misses your white imp. The adder barely misses you.
Your white imp completely misses the adder.
You miss the adder.
The adder is almost dead.
The adder bites you.
You die...

.......+........##
.......#.........#
......##.###.##..#
<....###.# ####..#
#...## #.# ####..#
#+## #.# #.....#
#.# #.##..# #. #.#
#.###.# ##.
#.###.###@# ...
#.....g5S.# ...
#####.##### .l ###
#.# #. ##.#####.#
.#.##...gg.g.#
...!...#######
.#g##### #ยง


You could see a gnoll, an adder and a friendly white imp.

Vanquished Creatures
  An ooze (D:1)
  4 bats (D:1)
  5 giant cockroaches (D:1)
  A goblin (D:1)
  5 hobgoblins (D:1)
  2 jackals (D:1)
  3 kobolds
  A quokka (D:2)
  A ball python (D:1)
  2 giant newts
  7 rats
32 creatures vanquished.

Vanquished Creatures (collateral kills)
  A giant newt (D:2)
1 creature vanquished.

Grand Total: 33 creatures vanquished

Notes
Turn   | Place    | Note
--------------------------------------------------------------
     0 | D:1      | Mefis the Deep Elf Wizard began the quest for the Orb.
     0 | D:1      | Reached XP level 1. HP: 10/10 MP: 7/7
   285 | D:1      | Reached XP level 2. HP: 15/15 MP: 2/9
   347 | D:1      | Learned a level 2 spell: Call Imp
   350 | D:1      | Learned a level 2 spell: Blink
   353 | D:1      | Learned a level 2 spell: Repel Missiles
   760 | D:1      | Reached skill level 5 in Spellcasting
   921 | D:1      | Reached XP level 3. HP: 19/19 MP: 7/11
   990 | D:1      | Learned a level 3 spell: Mephitic Cloud
  1245 | D:2      | Found a snail-covered altar of Cheibriados.
  1519 | D:2      | Slain by an adder

Skill      XL: |  1  2 |
---------------+-------+-----
Spellcasting   | 5 |  5.0
Dodging        | |  2.8
Stealth        | |  2.9
Conjurations   | |  1.9
Summonings     | |  1.4
Translocations | |  1.1

Action                   || total
-------------------------++-------
Melee: Dagger            ||    19
 Cast: Magic Dart        ||    74
       Repel Missiles    ||     1
       Call Imp          ||     2
       Mephitic Cloud    ||     1
 Stab: Sleeping          ||     2
  Eat: Chunk             ||     1
Armor: Robe              ||     4
Dodge: Dodged            ||    19
       Deflected         ||     1
